 Dungeon Crawl Stone Soup version 0.29.0-11-gd7f09526c8 (webtiles) character file.

Game seed: 6649103509738553068

2324 CalmDownMonkey the Fighter (level 9, -2/59 HPs)
             Began as a Gargoyle Fighter on Sept 2, 2022.
             Was a Follower of Okawaru.
             Slain by a brown ugly thing (6 damage)
             ... on level 6 of the Dungeon.
             The game lasted 00:38:30 (8448 turns).

CalmDownMonkey the Fighter (Gargoyle Fighter)       Turns: 8448, Time: 00:38:31

Health: -2/59      AC: 11    Str: 28    XL:     9   Next: 42%
Magic:  11/11      EV: 10    Int: 17    God:    Okawaru [*.....]
Gold:   255        SH:  4    Dex:  9    Spells: 7/11 levels left

rFire   . . .      SeeInvis .   a - +0 war axe
rCold   . . .      Faith    .   c - +0 buckler
rNeg    + . .      Spirit   .   b - +0 steam dragon scales
rPois   ∞          Reflect  .   (no helmet)
rElec   +          Harm     .   F - +0 cloak
rCorr   .          Rampage  .   (no gloves)
Will    .....                   I - +0 pair of boots
Stlth   +.........              t - amulet of the acrobat
HPRegen 0.19/turn               E - +6 ring of strength
MPRegen 0.12/turn               l - +6 ring of intelligence

@: mighty, corroded
A: sickness immunity, AC +6, negative energy resistance 1, electricity
resistance, torment resistance 1, petrification resistance
a: Renounce Religion, Heroism


You were on level 6 of the Dungeon.
You worshipped Okawaru.
Okawaru was aware of your devotion.
You visited 2 branches of the dungeon, and saw 9 of its levels.

You collected 315 gold pieces.
You spent 60 gold pieces at shops.

Inventory:

Hand Weapons
 a - a +0 war axe (weapon)
 g - a +0 sling
Missiles
 e - 112 stones
 m - 18 poisoned darts
 o - 2 javelins
 D - a boomerang
Armour
 b - +0 steam dragon scales (worn)
 c - a +0 buckler (worn)
 F - a +0 cloak (worn)
 H - a +1 chain mail of willpower
   (You took it off an orc on level 5 of the Dungeon)
 I - a +0 pair of boots (worn)
Magical Staves
 p - a staff of earth
   (You found it on level 2 of the Dungeon)
Jewellery
 l - a +6 ring of intelligence (right hand)
   (You found it on level 2 of the Dungeon)
 t - an amulet of the acrobat (around neck)
   (You found it on level 2 of the Dungeon)
 u - a +4 ring of slaying
   (You found it on level 3 of the Dungeon)
 x - a ring of willpower
   (You found it on level 3 of the Dungeon)
 E - a +6 ring of strength (left hand)
   (You found it on level 5 of the Dungeon)
Wands
 B - a wand of polymorph (15)
Scrolls
 f - 5 scrolls of poison
 i - 2 scrolls of magic mapping
 r - a scroll of summoning
 s - 2 scrolls of silence {!r}
 v - a scroll of amnesia
 y - a scroll of vulnerability {unknown}
 K - a scroll of brand weapon {unknown}
 L - a scroll of teleportation
Potions
 d - 3 potions of attraction {unknown}
 h - a potion of lignification {unknown}
 k - 2 potions of haste {unknown}
 n - 2 potions of cancellation {unknown}
 q - 3 potions of curing
 w - a potion of degeneration {unknown}
 z - 3 potions of heal wounds {unknown}
 A - 2 potions of invisibility {unknown}
 C - a potion of brilliance {unknown}
 G - a potion of mutation {unknown}
 J - a potion of berserk rage {unknown}


   Skills:
 + Level 8.1 Fighting
 + Level 7.0 Axes
 - Level 5.7 Armour
 - Level 5.0 Shields
 + Level 1.8 Spellcasting
 + Level 3.6 Conjurations
 + Level 1.5 Earth Magic


You had 7 spell levels left.
You knew the following spells:

 Your Spells              Type           Power      Damage    Failure   Level
a - Stone Arrow           Conj/Erth      20%        3d8       26%         3
b - Magic Dart            Conj           52%        1d5       6%          1

Your spell library contained the following spells:

 Spells                   Type           Power      Damage    Failure   Level
 Searing Ray              Conj           26%        2d5       9%          2
 Sandblast                Erth           12%        2d6       14%         1
 Apportation              Tloc           2%         N/A       26%         1
 Beastly Appendage        Tmut           2%         N/A       26%         1
 Necrotise                Necr           4%         1d4       26%         1
 Passwall                 Tmut/Erth      3%         N/A       28%         2
 Ensorcelled Hibernation  Hex/Ice        2%         N/A       36%         2
 Wereblood                Tmut           1%         N/A       36%         2
 Spider Form              Tmut/Pois      1%         N/A       58%         3
 Fulminant Prism          Conj/Hex       3%         3d6       75%         4
 Anguish                  Hex/Necr       0%         N/A       94%         4
 Summon Small Mammal      Summ           Unusable   N/A       N/A         1

Dungeon Overview and Level Annotations

Branches:
Dungeon (8/15)             Temple (1/1) D:7
   Lair: D:8-11

Altars:
Cheibriados
Dithmenos
Elyvilon
Fedhas
Gozag
Hepliaklqana
Kikubaaqudgha
Makhleb
Nemelex Xobeh
Okawaru
Qazlal
Ru
Sif Muna
Uskayaw
Vehumet
Wu Jian
Xom
Yredelemnul
Zin

Shops:
D:3 !   D:4 (   D:5 !(


Innate Abilities, Weirdness & Mutations

You are immune to sickness and miasma.
Your stone body is resilient. (AC +6)
You are immune to poison.
You resist negative energy. (rN+)
You are resistant to electric shocks. (rElec)
You are resistant to unholy torment.
You are immune to petrification.


Message History

The black bear closely misses you.
Your unstable footing causes you to fumble your attack.
The black bear splashes around in the water.
The black bear barely misses you.
The black bear claws you but does no damage.
You closely miss the black bear. The black bear barely misses you.
The black bear splashes around in the water.
The black bear misses you.
You slice the black bear!!
The black bear is severely wounded.
The black bear goes berserk!
You hit the black bear.
The black bear is almost dead.
You block the black bear's attack. The black bear closely misses you.
The black bear claws you but does no damage.
You slash the black bear!
You kill the black bear!
Okawaru accepts your kill.
You feel like a meek peon again.
You see here a black bear corpse.
Found a forked gold wand and a scroll of teleportation.
You start resting.
Magic restored.
Found a potion of curing.
You enter the shallow water.
Moving in this stuff is going to be slow.
A centaur comes into view.
The centaur shouts!
The centaur hits you but does no damage.
The centaur misses you. The centaur closely misses you.
The centaur barely misses you.
Your unstable footing causes you to fumble your attack.
The centaur hits you but does no damage.
The centaur completely misses you. You block the centaur's attack.
The centaur kicks you but does no damage.
You slash the centaur!
The centaur is severely wounded.
The centaur hits you but does no damage.
The centaur kicks you but does no damage.
The centaur hits you but does no damage.
You block the centaur's attack.
You barely miss the centaur.
The centaur is severely wounded.
You block the centaur's attack. The centaur closely misses you.
You slash the centaur!
You kill the centaur!
Okawaru accepts your kill.
You hear a splash.
Your Axes skill increases to level 7!
You see here a +0 shortbow.
You enter the shallow water.
Moving in this stuff is going to be slow.
A brown ugly thing comes into view.
The brown ugly thing gurgles horribly!
You enter the shallow water.
Moving in this stuff is going to be slow.
You feel very mighty all of a sudden.
You barely miss the brown ugly thing. You slice the brown ugly thing!!
The brown ugly thing is moderately wounded.
The brown ugly thing gores you but does no damage.
You hit the brown ugly thing.
The brown ugly thing is moderately wounded.
The brown ugly thing gores you but does no damage.
The brown ugly thing gores you.
You are splashed with acid.
You slash the brown ugly thing!
The brown ugly thing is heavily wounded.
The brown ugly thing splashes around in the water.
You closely miss the brown ugly thing.
The brown ugly thing is heavily wounded.
The brown ugly thing gores you but does no damage.
You slash the brown ugly thing!
The brown ugly thing is severely wounded.
The brown ugly thing closely misses you.
You closely miss the brown ugly thing.
The brown ugly thing is severely wounded.
The brown ugly thing gores you.
You are splashed with acid!
The brown ugly thing gores you!
You are splashed with acid!
You closely miss the brown ugly thing.
The brown ugly thing is severely wounded.
The brown ugly thing gores you!
* * * LOW HITPOINT WARNING * * *
The acid corrodes you!
You are splashed with acid!
* * * LOW HITPOINT WARNING * * *
You barely miss the brown ugly thing.
The brown ugly thing is severely wounded.
You block the brown ugly thing's attack.
Okay, then.
Okay, then.
You hit the brown ugly thing.
The brown ugly thing is almost dead.
You block the brown ugly thing's attack.
You barely miss the brown ugly thing.
The brown ugly thing is almost dead.
The brown ugly thing gores you but does no damage.
You barely miss the brown ugly thing.
The brown ugly thing is almost dead.
You block the brown ugly thing's attack.
The brown ugly thing gores you.
You die...

####.#...#
#~##≈S≈##$($$~#
##...#.###
#~#≈≈~≈≈#.PPP~#
...#.#.#
#~#?/~.!#~..P.#
...#.#.###
#)#.P.~.#.....#
...#.....#
#~#~..PP#
..####...#
#.#.....# ..8#
##..### #.# ####..
..## #....## #.##
+##~~... ..#
##.#..# ##@####..~#
..##
#.##.#####u~...#
..8#
#.##.....#######
..####
########....#
††##8###8####
####.##############
............#
#....[.........#
⌠...........###
###............#
..............#
##...........#
..##8###8#....#
#............


You could see a brown ugly thing.

Vanquished Creatures
  A steam dragon (D:8)
  Menkaure (D:4)
  4 water moccasins (D:6)
  A sky beast (D:8)
  A black bear (D:6)
  2 ogres
  A centaur (D:6)
  2 phantoms (D:5)
  A kobold brigand (D:6)
  2 bullfrogs
  A necrophage (D:7)
  3 howler monkeys
  6 jellies
  Crazy Yiuf (D:2)
  A hound (D:6)
  A gnoll bouda (D:6)
  4 orc wizards
  4 iguanas
  4 gnolls
  7 adders
  2 shadow imps
  A white imp (D:5)
  2 ufetubi
  3 worms
  19 orcs
  5 bats
  8 endoplasms
  3 giant cockroaches
  2 hobgoblins
  4 jackals (D:4)
  5 quokkas
  8 ball pythons
  3 frilled lizards
  2 goblins
  12 kobolds
  5 rats
132 creatures vanquished.

Vanquished Creatures (others)
  2 plants
2 creatures vanquished.

Grand Total: 134 creatures vanquished

Notes
Turn   | Place    | Note
-------+----------+-------------------------------------------
     0 | D:1      | CalmDownMonkey the Gargoyle Fighter began the quest for the
                  | Orb.
     0 | D:1      | Reached XP level 1. HP: 14/14 MP: 1/1
   145 | D:1      | Reached skill level 2 in Axes
   426 | D:1      | Reached XP level 2. HP: 19/19 MP: 2/2
   612 | D:1      | Found a faded altar of an unknown god.
  1321 | D:2      | Reached skill level 3 in Axes
  1547 | D:2      | Reached XP level 3. HP: 17/23 MP: 3/3
  1924 | D:2      | Found a runed translucent door.
  1925 | D:2      | Noticed Crazy Yiuf
  2597 | D:3      | Found a shadowy altar of Dithmenos.
  2615 | D:3      | Found a shimmering altar of Xom.
  2615 | D:3      | Found a shimmering altar of Xom.
  2616 | D:3      | Found a shimmering altar of Xom.
  2658 | D:3      | Reached XP level 4. HP: 23/28 MP: 4/4
  2756 | D:3      | Found Voinefek's Distillery.
  2776 | D:3      | Found a blossoming altar of Fedhas.
  3406 | D:4      | Noticed Menkaure
  3426 | D:4      | Killed Menkaure
  3427 | D:4      | Reached skill level 4 in Fighting
  3427 | D:4      | Reached skill level 4 in Shields
  3427 | D:4      | Reached XP level 5. HP: 34/34 MP: 5/5
  3460 | D:4      | Found an opulent altar of Gozag.
  3566 | D:4      | Reached skill level 4 in Axes
  3566 | D:4      | Reached XP level 6. HP: 29/39 MP: 6/6
  3768 | D:4      | Learned a level 3 spell: Stone Arrow
  3771 | D:4      | Found Gahocien's Antique Weapon Boutique.
  4078 | D:5      | Entered Level 5 of the Dungeon
  4195 | D:5      | Found a hazy altar of Hepliaklqana.
  4299 | D:5      | Noticed a black bear
  4319 | D:5      | Found Leejaylu's Distillery.
  4330 | D:5      | Reached skill level 5 in Fighting
  4330 | D:5      | Reached skill level 5 in Shields
  4335 | D:5      | Bought a potion of might for 60 gold pieces
  4422 | D:5      | Reached XP level 7. HP: 39/44 MP: 7/7
  4467 | D:5      | Found a hide-covered altar of Uskayaw.
  4579 | D:5      | Reached skill level 5 in Axes
  4834 | D:5      | HP: 4/45 [ogre/+0 giant club (8)]
  4836 | D:5      | Reached skill level 6 in Fighting
  5256 | D:5      | Found Kobarr's Hydra Hut.
  5256 | D:5      | Noticed a four-headed hydra
  5703 | D:2      | Killed Crazy Yiuf
  6089 | D:6      | Reached skill level 4 in Armour
  6089 | D:6      | Reached XP level 8. HP: 47/52 MP: 8/8
  6387 | D:6      | You fall into a shaft and drop 2 floors!
  6431 | D:8      | Reached skill level 6 in Axes
  6460 | D:8      | Reached skill level 7 in Fighting
  6460 | D:8      | Reached skill level 5 in Armour
  6521 | D:7      | Found a staircase to the Ecumenical Temple.
  6529 | D:7      | Learned a level 1 spell: Magic Dart
  6536 | Temple   | Entered the Ecumenical Temple
  6820 | Temple   | Became a worshipper of Warmaster Okawaru
  7242 | D:7      | Reached skill level 1 in Conjurations
  7421 | D:6      | HP: 5/53 [water moccasin (5)]
  7427 | D:6      | Reached skill level 2 in Conjurations
  7718 | D:6      | Reached XP level 9. HP: 39/57 MP: 7/9
  7922 | D:6      | Reached * piety under Okawaru
  7923 | D:6      | Reached skill level 1 in Spellcasting
  7923 | D:6      | Reached skill level 3 in Conjurations
  8024 | D:6      | Reached skill level 8 in Fighting
  8143 | D:6      | Reached skill level 1 in Earth Magic
  8417 | D:6      | Reached skill level 7 in Axes
  8427 | D:6      | Noticed a brown ugly thing
  8444 | D:6      | HP: 3/59 [acid (9)]
  8448 | D:6      | Slain by a brown ugly thing

Illustrated notes

Levels and vault maps discovered:
D:1:      lemuel_arrival_broad_hall, layout_basic,
          shapermc_ecumenical_altar_flowoftime
D:2:      layout_basic, uniq_crazy_yiuf_cottage
D:3:      minmay_bubble_buster, layout_basic, grunt_dithmenos_smoke_and_mirrors,
          fedhas_altar_2, xom_redecorated, serial_shops, nicolae_shop_trees,
          kennysheep_cross_bottleneck
D:4:      layout_loops_ring, nicolae_overflow_hidden_temple, serial_shops,
          nicolae_stop_n_shop_1, minmay_misc_feat_plants, uniq_duvessa,
          uniq_menkaure
D:5:      layout_loops_cross, mainiacjoe_overflow_tiny_flanked,
          lemuel_coloured_pillars_altar, serial_shops, nicolae_shop_trees,
          st_stairs_10, doesnt_shop_hydraphobe
D:6:      cheibrodos_two_vegetables, layout_basic, serial_corexii_hall,
          corexii_hall_statues_x, chequers_hall_statues_wall_a,
          corexii_hall_statues_i, corexii_hall_statues_i, grunt_ministairs_2
D:7:      layout_basic, gammafunk_temple_overflow_wave,
          minmay_temple_entry_drinking_statues, chequers_arboretum,
          hangedman_glass_teeth, minmay_starry_boxes
D:8:      layout_layer_cave
Temple:   oiseaux_autumnal_temple

Skill      XL: |  1  2  3  4  5  6  7  8  9 |
---------------+----------------------------+-----
Axes           | 2 3 4 5 6 7 |  7.0
Fighting       | 4 5 6 7 8 |  8.1
Shields        | 4 5 |  5.0
Armour         | 4 5 |  5.7
Conjurations   | 2 3 |  3.6
Spellcasting   | 1 |  1.8
Earth Magic    | 1 |  1.5

Action                   |  1- 3 |  4- 6 |  7- 9 || total
-------------------------+-------+-------+-------++-------
Melee: War axe           |   155 |    68 |   234 ||   457
       Unarmed           |       |       |     6 ||     6
 Cast: Magic Dart        |       |       |    16 ||    16
Invok: Heroism           |       |       |     1 ||     1
  Use: Scroll            |     4 |     3 |     2 ||     9
       Potion            |       |     1 |     2 ||     3
Armor: Scale mail        |   100 |    19 |    21 ||   140
       Chain mail        |       |       |    65 ||    65
       Steam dragon scal |       |       |    56 ||    56
Dodge: Dodged            |    89 |    41 |   122 ||   252
Block: Buckler           |    38 |    16 |    59 ||   113

Table legend: (Time is in decaauts)
 A = Elapsed time spent in this place.
 B = Non-inter-level travel time spent in this place.
 C = Inter-level travel time spent in this place.
 D = Time resting spent in this place.
 E = Time spent auto-exploring this place.
 F = Levels seen in this place.
 G = Mean time per level.
                   A        B        C        D        E       F      G
               +--------+--------+--------+--------+--------+-----+--------+
         Total |   8596 |   8024 |    572 |   1406 |   5150 |   9 |  955.1 |
       Dungeon |   8279 |   7730 |    549 |   1406 |   4886 |   8 | 1034.9 |
        Temple |    316 |    293 |     23 |      0 |    264 |   1 |  316.0 |
               +--------+--------+--------+--------+--------+-----+--------+

Top non-repeatable levels by time:
     D:5: 1559 daAuts
     D:2: 1384 daAuts
     D:3: 1137 daAuts
     D:6: 1112 daAuts
     D:1: 1078 daAuts
     D:4: 1014 daAuts
     D:7: 859 daAuts
  Temple: 316 daAuts
     D:8: 133 daAuts

Table legend:
 A = Kills in this place as a percentage of kills in entire the game.
 B = Kills by you in this place as a percentage of kills by you in the entire game.
 C = Kills by friends in this place as a percentage of kills by friends in the entire game.
 D = Other kills in this place as a percentage of other kills in the entire game.
 E = Experience gained in this place as a percentage of experience gained in the entire game.
 F = Experience gained in this place divided by the number of levels of this place that you have seen.
                   A       B       C       D       E      F
               +-------+-------+-------+-------+-------+----------------------
         Total | 100.0 | 100.0 |   N/A |   N/A | 100.0 | 368.9
       Dungeon | 100.0 | 100.0 |   N/A |   N/A | 100.0 | 415.0
               +-------+-------+-------+-------+-------+----------------------
